 Dungeon Crawl Stone Soup version 0.20.1-1-g8b1a95d66d (webtiles) character file.

170 Peloso the Skirmisher (level 5, -17/45 (46) HPs)
             Began as a Ghoul Fighter on Nov 16, 2017.
             Was an Initiate of Okawaru.
             Demolished by a two-headed ogre
             ... wielding a +0 giant club
              (24 damage)
             ... on level 4 of the Dungeon.
             The game lasted 00:06:06 (2607 turns).

Peloso the Skirmisher (Ghoul Fighter)               Turns: 2607, Time: 00:06:06

HP:   -17/45 (46)   AC:  6    Str: 25    XL:     5   Next: 50%
MP:   4/4           EV:  7    Int:  3    God:    Okawaru [......]
Gold: 145           SH:  9    Dex:  9    Spells: 4/4 levels left

rFire    . . .     SeeInvis .   a - +0 long sword
rCold    + . .     Gourm    .   c - +0 shield
rNeg     + + +     Faith    .   b - +0 scale mail
rPois    ∞         Spirit   .   (no helmet)
rElec    .         Reflect  .   (no cloak)
rCorr    .         Harm     .   (no gloves)
MR       .....                  (no boots)
Stlth    ..........             (no amulet)
Regen    0.0/turn               (no ring)
MPRegen  0.1/turn               (no ring)

@: mighty, rotting
A: rotting body, claws 1, carnivore 3, cold resistance 1, negative energy
resistance 3, inhibited regeneration, torment resistance, unbreathing
a: Renounce Religion


You were on level 4 of the Dungeon.
You worshipped Okawaru.
Okawaru was noncommittal.
You were not hungry.

You visited 2 branches of the dungeon, and saw 5 of its levels.

You collected 145 gold pieces.

Inventory:

Hand Weapons
 a - a +0 long sword (weapon)
 k - a +2 mace of holy wrath
 o - a cursed -1 mace
Armour
 b - a +0 scale mail (worn)
 c - a +0 shield (worn)
Scrolls
 g - 2 scrolls of remove curse {unknown}
 h - a scroll of blinking {unknown}
 i - 4 scrolls of identify {unknown}
 j - a scroll of fear {unknown}
 l - 2 scrolls of teleportation {unknown}
 m - a scroll of fog {unknown}
 q - 3 scrolls of recharging {unknown}
 u - a scroll of random uselessness {unknown}
Potions
 e - 3 potions of curing {unknown}
 n - a potion of haste
 r - a potion of degeneration {unknown}
 s - a potion of heal wounds {unknown}
Books
 t - a book of Minor Magic

   Spells                             Type                      Level
   a - Magic Dart                     Conjuration                  1
   b - Blink                          Translocation                2
   c - Call Imp                       Summoning                    2
   d - Slow                           Hexes                        2
   e - Conjure Flame                  Conjuration/Fire             3
   f - Mephitic Cloud                 Conjuration/Poison/Air       3
Comestibles
 f - 4 meat rations
 p - 2 royal jellies


   Skills:
 + Level 4.1 Fighting
 + Level 3.1 Long Blades
 + Level 3.3 Armour
 + Level 0.6 Dodging
 + Level 0.8 Stealth
 + Level 3.4 Shields


You had 4 spell levels left.
You didn't know any spells.

Dungeon Overview and Level Annotations

Branches:
Dungeon (4/15)             Temple (1/1) D:4

Altars:
Elyvilon
Hepliaklqana
Kikubaaqudgha
Makhleb
Nemelex Xobeh
Okawaru
Ru
Vehumet
Xom

Annotations:
D:4 exclusion: statue


Innate Abilities, Weirdness & Mutations

Your body is rotting away.
You thrive on raw meat.
You are immune to poison.
You have sharp fingernails.
You are carnivorous and can eat meat at any time.
Your flesh is cold resistant. (rC+)
You are immune to negative energy. (rN+++)
You do not regenerate when monsters are visible.
You are immune to unholy pain and torment.
You can survive without breathing.


Message History

Found a radiant altar of Vehumet.
You feel very mighty all of a sudden. You block the two-headed ogre's attack.
The two-headed ogre barely misses you.
You barely miss the two-headed ogre.
The two-headed ogre hits you with a giant club!
The two-headed ogre hits you but does no damage.
You slash the two-headed ogre!
The two-headed ogre is moderately wounded.
You block the two-headed ogre's attack.
The two-headed ogre hits you with a giant club!
You hit the two-headed ogre but do no damage.
The two-headed ogre is moderately wounded.
You block the two-headed ogre's attack.
The two-headed ogre hits you with a giant club!
* * * LOW HITPOINT WARNING * * *
You closely miss the two-headed ogre.
The two-headed ogre is moderately wounded.
The two-headed ogre hits you with a giant club!!
Ouch! That really hurt!
You die...

#...............#
#.8
#...............#
#..
#...............#
#._
#...............#
#..
#.......#########
#.. #...)...# #..
#.......#
#..##.##.......#
#........O@....#
#...############
##


You could see a two-headed ogre.

Vanquished Creatures
  3 gnolls (D:2)
  5 adders
  An ooze (D:1)
  2 worms
  A dart slug (D:3)
  3 leopard geckos
  2 orcs
  A ball python (D:3)
  6 giant cockroaches
  15 goblins
  8 hobgoblins
  2 quokkas
  9 bats
  5 frilled lizards
  6 kobolds
  6 rats
75 creatures vanquished.

Notes
Turn   | Place    | Note
-------+----------+-------------------------------------------
     0 | D:1      | Peloso the Ghoul Fighter began the quest for the Orb.
     0 | D:1      | Reached XP level 1. HP: 19/19 MP: 0/0
   100 | D:1      | Reached XP level 2. HP: 22/26 MP: 1/1
   435 | D:1      | Reached XP level 3. HP: 33/33 MP: 2/2
  1050 | D:2      | Reached XP level 4. HP: 17/40 MP: 3/3
  1535 | D:2      | Reached skill level 4 in Fighting
  1689 | D:3      | Found a shimmering altar of Xom.
  1730 | D:3      | Reached XP level 5. HP: 46/46 MP: 4/4
  1996 | D:3      | Found a white marble altar of Elyvilon.
  2058 | D:3      | Found a sacrificial altar of Ru.
  2419 | D:4      | Found a staircase to the Ecumenical Temple.
  2426 | Temple   | Entered the Ecumenical Temple
  2494 | Temple   | Became a worshipper of Warmaster Okawaru
  2598 | D:4      | Found a radiant altar of Vehumet.
  2598 | D:4      | Noticed a frost-covered statue
  2598 | D:4      | Noticed a two-headed ogre
  2607 | D:4      | Demolished by a two-headed ogre

Skill      XL: |  1  2  3  4  5 |
---------------+----------------+-----
Long Blades    | 2 3 |  3.1
Shields        | 3 |  3.4
Armour         | 3 |  3.3
Fighting       | 4 |  4.1
Dodging        | |  0.6
Stealth        | |  0.8

Action                   |  1- 3 |  4- 6 || total
-------------------------+-------+-------++-------
Melee: Long sword        |   109 |   143 ||   252
  Use: Potion            |       |     1 ||     1
  Eat: Chunk             |     1 |     5 ||     6
Armor: Scale mail        |    79 |    63 ||   142
Dodge: Dodged            |    53 |    56 ||   109
Block: Shield            |    74 |    82 ||   156
       Rpst.: Long sword |    21 |    26 ||    47
